 Dungeon Crawl Stone Soup version 0.23-a0-375-g66a18ee0fb (webtiles) character file.

68 Kaname the Conjurer (level 4, 30/30 HPs)
             Began as a Demonspawn Wizard on Oct 27, 2018.
             Quit the game on level 2 of the Dungeon.
             The game lasted 00:03:21 (1236 turns).

Kaname the Conjurer (Demonspawn Wizard)             Turns: 1236, Time: 00:03:22

Health: 30/30      AC:  2    Str:  8    XL:     4   Next: 1%
Magic:  5/8        EV: 12    Int: 20    God:
Gold:   67         SH:  0    Dex: 11    Spells: 3/9 levels left

rFire    . . .     SeeInvis .   k - +0 short sword
rCold    . . .     Gourm    .   (no shield)
rNeg     . . .     Faith    .   a - +0 robe
rPois    .         Spirit   +   b - +0 hat
rElec    .         Reflect  .   (no cloak)
rCorr    .         Harm     .   (no gloves)
MR       .....                  (no boots)
Stlth    ++........             (no amulet)
HPRegen  0.10/turn              (no ring)
MPRegen  0.11/turn              (no ring)

@: no status effects
A: magic shield, rot immunity
a: no special abilities


You were on level 2 of the Dungeon.
You were not hungry.

You visited 1 branch of the dungeon, and saw 2 of its levels.

You collected 67 gold pieces.

Inventory:

Hand Weapons
 c - a +0 dagger
 k - a +0 short sword (weapon)
Armour
 a - a +0 robe (worn)
 b - a +0 hat (worn)
Jewellery
 g - an uncursed ring of magical power {unknown}
Scrolls
 f - a scroll of fog {unknown}
 h - 3 scrolls of identify {unknown}
 i - 2 scrolls of remove curse {unknown}
Potions
 e - a potion of lignification {unknown}
 j - 2 potions of heal wounds {unknown}
Comestibles
 d - 4 rations


   Skills:
 - Level 1.7 Dodging
 - Level 1.7 Stealth
 - Level 3.0 Spellcasting
 + Level 3.9 Conjurations
   Level 1.0 Summonings
 - Level 0.8 Translocations


You had 3 spell levels left.
You knew the following spells:

 Your Spells              Type           Power        Failure   Level  Hunger
a - Magic Dart            Conj           ###.         2%          1    None
b - Blink                 Tloc           N/A          16%         2    ##.....
c - Mephitic Cloud        Conj/Pois/Air  #.......     26%         3    ###....

Your spell library contained the following spells:

 Spells                   Type           Power        Failure   Level  Hunger
 Call Imp                 Summ           #.......     14%         2    ##.....
 Conjure Flame            Conj/Fire      ##......     19%         3    ###....
 Slow                     Hex            #.......     22%         2    ##.....


Dungeon Overview and Level Annotations

Branches:
Dungeon (2/15)

Altars:


Innate Abilities, Weirdness & Mutations

When hurt, damage is shared between your health and your magic reserves.
You are immune to rotting.


Message History

Unknown command.
You start resting.
HP restored.
A hobgoblin comes into view. It is wielding a +0 club.
A hobgoblin is nearby!
A hobgoblin is nearby!
A hobgoblin is nearby!
A hobgoblin is nearby!
Casting: Magic Dart (safe; 2% risk of failure)
Confirm with . or Enter, or press ? or * to list all spells.
Aiming: Magic Dart (safe; 2% risk of failure)
Press: ? - help, Shift-Dir - straight line, f - hobgoblin
Aim: a hobgoblin, wielding a +0 club (resting)
The magic dart hits the hobgoblin.
You kill the hobgoblin!
You have reached level 4!
You feel stronger.
Your demonic ancestry asserts itself...
You feel your magical essence form a protective shroud around your flesh.
Unknown command.
Are you sure you want to abandon this character and quit the game? (Confirm

#... #)# #... #.#
###.. #... #.# #....
#...# #.# #.###
#...# #.# ##.##
#...# #.# ####...##
###...###.#
#........
.........@#####.
#.##...##
#.#.#.##.......#
#.###.###
#.#......######.##.#
#.# # #.###.#### #.#
#.# # ...####.###.#
#.# #.###
#...........# #.#
#.... ..####.#####
#.##.# ##### #.#
#.##.# #.# #.##.#


There were no monsters in sight!

Vanquished Creatures
  3 gnolls (D:2)
  A worm (D:2)
  2 dart slugs (D:1)
  2 giant cockroaches (D:1)
  3 hobgoblins
  4 jackals (D:2)
  4 kobolds
  4 bats (D:1)
  4 frilled lizards
  4 goblins (D:1)
  4 rats (D:1)
35 creatures vanquished.

Notes
Turn   | Place    | Note
-------+----------+-------------------------------------------
     0 | D:1      | Kaname the Demonspawn Wizard began the quest for the Orb.
     0 | D:1      | Reached XP level 1. HP: 13/13 MP: 4/4
   116 | D:1      | Gained mutation: You are immune to rotting. [demonic
                  | ancestry]
   116 | D:1      | Reached XP level 2. HP: 19/19 MP: 1/6
   559 | D:2      | Reached XP level 3. HP: 19/24 MP: 3/7
   671 | D:2      | Learned a level 2 spell: Blink
   675 | D:2      | Learned a level 3 spell: Mephitic Cloud
  1235 | D:2      | Gained mutation: When hurt, damage is shared between your
                  | health and your magic reserves. [demonic ancestry]
  1235 | D:2      | Reached XP level 4. HP: 30/30 MP: 5/8
  1236 | D:2      | Quit the game

Vault maps used:
D:1:      noname_arrival_rooms_in_the_neighbourhood, item_on_display_a
D:2:      first_ration, hex_tiny, minmay_heptomino_l4

Skill      XL: |  1  2 |
---------------+-------+-----
Conjurations   | 2 3 |  3.9
Dodging        | |  1.7
Stealth        | |  1.7
Spellcasting   | |  3.0
Summonings     | |  1.0
Translocations | |  0.8

Action                   |  1- 3 |  4- 6 || total
-------------------------+-------+-------++-------
Melee: Dagger            |    51 |       ||    51
       Short sword       |    15 |       ||    15
 Cast: Magic Dart        |    63 |     1 ||    64
       Blink             |     1 |       ||     1
 Stab: Sleeping          |     2 |       ||     2
  Eat: Chunk             |     1 |       ||     1
Armor: Robe              |    16 |       ||    16
Dodge: Dodged            |    72 |       ||    72

Table legend:
 A = Non-vault XP
 B = Vault XP
 C = Vault XP percentage of total XP
 D = Non-vault monster count
 E = Vault monster count
 F = Vault count percentage of total count
                 A         B        C        D         E       F
            +---------+---------+-------+---------+---------+-------
      Total |      98 |       0 |   0.0 |      35 |       0 |   0.0
            +---------+---------+-------+---------+---------+-------
        D:1 |      38 |       0 |   0.0 |      24 |       0 |   0.0
        D:2 |      60 |       0 |   0.0 |      11 |       0 |   0.0
            +---------+---------+-------+---------+---------+-------
